 Dungeon Crawl Stone Soup version 0.23-a0-650-ga4d50d4 (webtiles) character file.

375 tilp the Chiller (level 6, -4/41 HPs)
             Began as a Merfolk Ice Elementalist on Jan 5, 2019.
             Slain by Duvessa
             ... wielding a +0 short sword
              (8 damage)
             ... on level 4 of the Dungeon on Jan 6, 2019.
             The game lasted 00:19:30 (5135 turns).

tilp the Chiller (Merfolk Ice Elementalist)         Turns: 5135, Time: 00:19:31

Health: -4/41      AC: 10    Str:  8    XL:     6   Next: 72%
Magic:  5/9        EV: 12    Int: 17    God:
Gold:   320        SH:  0    Dex: 14    Spells: 1/9 levels left

rFire    . . .     SeeInvis .   a - +1 spear (flame)
rCold    . . .     Gourm    .   (no shield)
rNeg     . . .     Faith    .   d - +0 leather armour
rPois    .         Spirit   .   w - +0 helmet
rElec    .         Reflect  .   p - +0 cloak
rCorr    .         Harm     .   (no gloves)
MR       .....                  (no boots)
Stlth    +.........             u - amulet of magic regeneration
HPRegen  0.13/turn              (no ring)
MPRegen  0.36/turn              (no ring)

@: confused, icy armour, very slightly contaminated
A: change form in water, swift swim, stealthy swim
a: no special abilities


You were on level 4 of the Dungeon.
You were very hungry.

You visited 1 branch of the dungeon, and saw 4 of its levels.

You collected 320 gold pieces.

Inventory:

Hand Weapons
 a - a +1 spear of flaming (weapon)
 k - a +0 hunting sling
Missiles
 e - 108 stones (quivered)
 s - 53 sling bullets
Armour
 d - a +0 leather armour (worn)
 f - a +0 buckler
 p - a +0 cloak (worn)
 w - a +0 helmet (worn)
Jewellery
 u - an amulet of magic regeneration (around neck)
Wands
 y - a wand of polymorph (7)
Scrolls
 i - 2 scrolls of remove curse
 j - 2 scrolls of magic mapping
 l - a scroll of amnesia {unknown}
 m - a scroll of blinking {unknown}
 q - a scroll of immolation {unknown}
 r - 2 scrolls of fear
Potions
 b - a potion of mutation {unknown}
 g - 2 potions of ambrosia
 h - 3 potions of curing {unknown}
 n - a potion of magic {unknown}
 o - a potion of cancellation {unknown}
 t - a potion of flight {unknown}
 x - a potion of heal wounds {unknown}
 z - a potion of agility {unknown}
 A - 2 potions of resistance {unknown}
 B - a potion of berserk rage {unknown}
Comestibles
 c - 6 rations


   Skills:
 + Level 4.6 Polearms
 - Level 2.6 Dodging
 - Level 2.1 Stealth
 + Level 3.1 Shields
 - Level 2.0 Spellcasting
 - Level 0.7 Conjurations
 - Level 6.0 Ice Magic


You had one spell level left.
You knew the following spells:

 Your Spells              Type           Power        Failure   Level  Hunger
a - Freeze                Ice            ###.         2%          1    #......
b - Throw Frost           Conj/Ice       ##....       11%         2    ###....
c - Ozocubu's Armour      Chrm/Ice       ##......     24%         3    ###....
d - Ensorcelled Hibernat  Hex/Ice        ##....       12%         2    ###....

Your spell library contained the following spells:

 Spells                   Type           Power        Failure   Level  Hunger
 Beastly Appendage        Tmut           #.....       28%         1    #......
 Corona                   Hex            #......      28%         1    #......
 Sticks to Snakes         Tmut           #.......     38%         2    ###....
 Throw Icicle             Conj/Ice       ##......     56%         4    #####..
 Dazzling Spray           Conj/Hex       #.....       58%         3    ###....
 Confuse                  Hex            #.......     63%         3    ###....
 Spider Form              Tmut/Pois      #.........   63%         3    ###....
 Tukima's Dance           Hex            #.......     63%         3    ###....
 Ice Form                 Ice/Tmut       ##......     63%         4    #####..
 Summon Ice Beast         Ice/Summ       ##......     63%         4    #####..
 Blade Hands              Tmut           #.........   100%        5    ######.


Dungeon Overview and Level Annotations

Branches:
Dungeon (4/15)
 Temple: D:4-7

Altars:
Cheibriados
Dithmenos
Nemelex Xobeh
Uskayaw

Shops:
D:4 }

Annotations:
D:4 Duvessa


Message History

Aim: Duvessa, wielding a +0 short sword and wearing a +0 leather armour You miscast Freeze.
You are very lightly contaminated with residual magic.
Nothing appears to happen.
Duvessa completely misses you. Duvessa hits you but does no damage.
Casting: Freeze (safe; 2% risk of failure)
Confirm with . or Enter, or press ? or * to list all spells.
Aiming: Freeze (safe; 2% risk of failure)
Press: ? - help, Shift-Dir - straight line, f/p - Duvessa
Aim: Duvessa, wielding a +0 short sword and wearing a +0 leather armour You freeze Duvessa.
Duvessa is almost dead.
Duvessa hits you with a +0 short sword.
* * * LOW HITPOINT WARNING * * *
You are too injured to fight recklessly!
You are confused.
You feel invigorated. Duvessa hits you with a +0 short sword!
* * * LOW HITPOINT WARNING * * *
Duvessa hits you with a +0 short sword!
You die...

##.####.#..# #......#.##.##
***#.......#..# #.#......##.##
,,...#........# #.#......##.##
****,#.#####.## #.#∩.....##.##
*,#.#...#.#######.#......#####
*>........e...............###§
**#.#.#.#.#.#..........#.###§§
*,*,#.#.#.#e#####......##§§.
*,*,#,#.#.#@# #........§§.
*,*,*,#.#.#.#####.......§§.§
*,*,*,#...#.#....###'##.§§§§
*,*,*,#####.#....###.####§§§
*,*,*,#..............# ##§§
*,*,*,#.###......##########§
*,*,*,#.#...............# ##
*,,<,,#...#.......####### #
########..........# #


You could see Duvessa (berserk).

Vanquished Creatures
  Dowan (D:4)
  Crazy Yiuf (D:3)
  Jessica (D:3)
  Natasha (thrice) (D:3)
  A hound skeleton (D:4)
  Robin (D:3)
  5 gnolls
  3 adders
  2 oozes
  5 worms
  3 dart slugs
  3 leopard geckos
  2 orcs (D:3)
  4 bats
  3 giant cockroaches
  12 goblins
  9 hobgoblins
  8 kobolds
  2 quokkas (D:2)
  A ball python (D:1)
  2 frilled lizards
  5 rats
  A fungus (D:4)
78 creatures vanquished.

Vanquished Creatures (others)
  4 toadstools (D:4)
4 creatures vanquished.

Grand Total: 82 creatures vanquished

Notes
Turn   | Place    | Note
-------+----------+-------------------------------------------
     0 | D:1      | tilp the Merfolk Ice Elementalist began the quest for the
                  | Orb.
     0 | D:1      | Reached XP level 1. HP: 13/13 MP: 3/3
   252 | D:1      | Reached skill level 4 in Ice Magic
   252 | D:1      | Reached XP level 2. HP: 3/19 MP: 0/5
   624 | D:1      | Reached XP level 3. HP: 2/24 MP: 1/6
  1442 | D:2      | Learned a level 2 spell: Throw Frost
  1446 | D:2      | Learned a level 3 spell: Ozocubu's Armour
  1510 | D:2      | Reached skill level 5 in Ice Magic
  1538 | D:1      | HP: 1/24 [gnoll (5)]
  1539 | D:1      | Reached XP level 4. HP: 1/30 MP: 0/7
  2568 | D:2      | Found a snail-covered altar of Cheibriados.
  2657 | D:2      | Reached skill level 6 in Ice Magic
  2856 | D:3      | Noticed Robin
  2856 | D:3      | Noticed Jessica
  2860 | D:2      | Reached XP level 5. HP: 34/35 MP: 6/8
  2939 | D:3      | Found a faded altar of an unknown god.
  2965 | D:3      | Found a runed door.
  3094 | D:3      | Reached skill level 1 in Polearms
  3226 | D:3      | Reached skill level 1 in Shields
  3385 | D:3      | Killed Jessica
  3521 | D:3      | Learned a level 2 spell: Ensorcelled Hibernation
  3613 | D:3      | Killed Robin
  3688 | D:3      | Noticed Natasha
  3696 | D:3      | Killed Natasha
  3696 | D:3      | Reached XP level 6. HP: 38/41 MP: 6/9
  3701 | D:3      | Found a hide-covered altar of Uskayaw.
  3703 | D:3      | Found a snail-covered altar of Cheibriados.
  3704 | D:3      | Found a sparkling altar of Nemelex Xobeh.
  3921 | D:3      | Noticed Crazy Yiuf
  3973 | D:3      | Killed Crazy Yiuf
  4199 | D:3      | Noticed Natasha
  4206 | D:3      | Killed Natasha
  4240 | D:3      | Noticed Natasha
  4246 | D:3      | Killed Natasha
  4702 | D:4      | Found Geaqadgh's Gadget Emporium.
  4703 | D:4      | Noticed Dowan
  4827 | D:4      | Found a shadowy altar of Dithmenos.
  4842 | D:4      | Noticed Duvessa
  4914 | D:4      | Killed Dowan
  5135 | D:4      | Slain by Duvessa

Vault maps used:
D:1:      tarquinn_simple_flora_water_e
D:2:      kennysheep_slug_shrine
D:3:      chequers_temple_overflow_statue_of_worship,
          chequers_ecumenical_altar_simple, wad_rectangle_vault, uniq_robin,
          uniq_natasha, uniq_crazy_yiuf_cottage, uniq_jessica
D:4:      black_bear_nest_2, nicolae_dithmenos_the_darkroom, serial_shops, shop,
          first_ration, minmay_gold_behind_fungi, lemuel_old_faithful,
          uniq_duvessa

Skill      XL: |  1  2  3  4  5  6 |
---------------+-------------------+-----
Ice Magic      | 4 5 6 |  6.0
Polearms       | 3 4 |  4.6
Shields        | 2 3 |  3.1
Dodging        | |  2.6
Stealth        | |  2.1
Spellcasting   | |  2.0
Conjurations   | |  0.7

Action                   |  1- 3 |  4- 6 || total
-------------------------+-------+-------++-------
Melee: Spear             |    30 |   141 ||   171
Throw: Stone             |     2 |     3 ||     5
 Cast: Freeze            |    30 |    55 ||    85
       Ozocubu's Armour  |       |     5 ||     5
  Use: Scroll            |       |     8 ||     8
       Potion            |       |     1 ||     1
 Stab: Sleeping          |     2 |     7 ||     9
  Eat: Chunk             |     2 |    12 ||    14
Armor: Robe              |     3 |       ||     3
       Leather armour    |     6 |    29 ||    35
Dodge: Dodged            |    27 |    86 ||   113

Table legend:
 A = Non-vault XP
 B = Vault XP
 C = Vault XP percentage of total XP
 D = Non-vault monster count
 E = Vault monster count
 F = Vault count percentage of total count
                 A         B        C        D         E       F
            +---------+---------+-------+---------+---------+-------
      Total |     294 |     242 |  45.1 |      55 |      22 |  28.6
            +---------+---------+-------+---------+---------+-------
        D:1 |      81 |       0 |   0.0 |      18 |       0 |   0.0
        D:2 |      79 |       6 |   7.1 |      21 |       2 |   8.7
        D:3 |     110 |     169 |  60.6 |      12 |      19 |  61.3
        D:4 |      24 |      67 |  73.6 |       4 |       1 |  20.0
            +---------+---------+-------+---------+---------+-------
